 Dungeon Crawl Stone Soup version 0.32-a0-933-ga8fa3634e4 (webtiles) character file.

Game seed: 699317538324024657

1182 Biggs the Grappler (level 8, 0/70 HPs)
             Began as a Troll Gladiator on Apr 14, 2024.
             Was a Follower of Wu Jian.
             Slain by a killer bee (4 damage)
             ... on level 6 of the Dungeon.
             The game lasted 00:07:42 (1306 turns).

Biggs the Grappler (Troll Gladiator)                Turns: 1306, Time: 00:07:43

Health: 0/70       AC:  5    Str: 25    XL:     8   Next: 19%
Magic:  7/7        EV:  9    Int:  4    God:    Wu Jian [*.....]
Gold:   341        SH:  0    Dex: 11    Spells: 7/7 levels left

rFire   . .          .
                       - Unarmed
rCold   . . .        (no shield)
rNeg    . . .        a - +0 robe
rPois   .            b - +0 hat
rElec   .            r - +0 cloak
rCorr   .            (gloves unavailable)
SInv    .            (boots unavailable)
Will    .....        (no amulet)
Stlth   +            (no ring)
HPRegen 1.11/turn    (no ring)
MPRegen 0.10/turn

%: no passive effects
@: brilliant, lethally poisoned (0 -> -3)
A: large, unfitting armour, claws 3, regeneration 1, shaggy fur 1, tough skin 1
a: Renounce Religion


You were on level 6 of the Dungeon.
You worshipped Wu Jian.
Wu Jian was aware of your devotion.
You visited 2 branches of the dungeon, and saw 8 of its levels.

You collected 341 gold pieces.

Inventory:

Missiles
 c - 2 throwing nets (quivered)
 d - a large rock
Armour
 a - a +0 robe (worn)
 b - a +0 hat (worn)
 r - a +0 cloak (worn)
Jewellery
 p - a +6 ring of intelligence
Scrolls
 e - a scroll of noise {unknown}
 g - 2 scrolls of teleportation {unknown}
 h - a scroll of immolation {unknown}
 j - a scroll of identify {unknown}
 l - a scroll of fog {unknown}
 m - a scroll of brand weapon {unknown}
 n - a scroll of blinking {unknown}
 o - a scroll of vulnerability {unknown}
Potions
 f - a potion of invisibility {unknown}
 i - 2 potions of brilliance
 k - a potion of heal wounds {unknown}
 q - a potion of curing {unknown}


   Skills:
 - Level 1.5 Fighting
 - Level 1.7 Throwing
 - Level 2.4 Dodging
 + Level 10.3 Unarmed Combat


You had 7 spell levels left.
You didn't know any spells.
Your spell library contained the following spells:

 Spells                   Type           Power      Damage    Failure   Level
 Summon Small Mammal      Summ           0%         N/A       50%         1
 Call Canine Familiar     Summ           0%         N/A       86%         3
 Summon Ice Beast         Ice/Summ       0%         N/A       86%         3
 Cause Fear               Hex            0%         N/A       99%         4
 Summon Blazeheart Golem  Fire/Summ      0%         N/A       99%         4
 Fireball                 Conj/Fire      0%         3d3       100%        5
 Summon Mana Viper        Hex/Summ       0%         N/A       100%        5
 Monstrous Menagerie      Summ           0%         N/A       100%        7
 Dragon's Call            Summ           0%         N/A       100%        9


Dungeon Overview and Level Annotations

Branches:
Dungeon (7/15)             Temple (1/1) D:4

Altars:
Ashenzari
Fedhas
Gozag
Hepliaklqana
Kikubaaqudgha
Makhleb
Nemelex Xobeh
Okawaru
Qazlal
Trog
Uskayaw
Wu Jian
Yredelemnul
Zin
The Shining One

Shops:
D:5 :

Annotations:
D:7 Dowan, Duvessa
Temple 2 transporters


Innate Abilities, Weirdness & Mutations

You are too large for most types of armour.
You have claws for hands.
Your natural rate of healing is unusually fast.
You are covered in fur. (AC +1)
You have tough skin. (AC +1)


Message History

You are more poisoned.
The killer bee poisons you!
The killer bee stings you but does no damage. x2
The killer bee misses you.
Dowan hits you with a +1 dagger of electrocution.
You climb upwards.
You feel extremely sick.
There is a stone staircase leading down here.
Unknown command.
Unknown command.
You spin and attack the killer bee.
You scratch the killer bee.
The killer bee is moderately wounded.
You feel very sick.
The killer bee stings you but does no damage.
The killer bee barely misses you. The killer bee stings you.
* * * LOW HITPOINT WARNING * * *
You are more poisoned.
The killer bee poisons you!
* * * LOW HITPOINT WARNING * * *
You feel very sick.
The killer bee stings you but does no damage.
Unknown command.
Unknown command.
Unknown command.
It was a potion of brilliance.
You feel clever all of a sudden.
* * * LOW HITPOINT WARNING * * *
You feel very sick. The killer bee closely misses you.
The killer bee barely misses you.
Unknown command.
Okay, then.
Throw: 3 throwing nets
Press: ? - help, Q - select action, (/) - cycle Shift-Dir - straight line, f - killer bee
Aim: a killer bee (moderately wounded, 12% to hit)
You throw a throwing net.
The throwing net closely misses the killer bee.
* * * LOW HITPOINT WARNING * * *
You feel very sick. The killer bee stings you.
You die...

.# #.# #.# #.#
#.# #.# ## #.#
######.#####. ##
#.#
##............
#...#######.##
.#...#######.##
#..........##...
#.#
#...####.....#.#
#.# ## #.#...@#
#.# #.###y## #.#
#.# #y># #.# #.#
#.#.# #.# #.#
#.##.### #.##
#.# ##.###.#
#<..
##.####....##
####
............+
##.####.....#


You could see 2 killer bees.

Vanquished Creatures
  2 ogres (D:4)
  2 phantoms
  2 bullfrogs
  A scorpion (D:6)
  3 killer bees (D:6)
  A jelly (D:4)
  A gnoll bouda (D:6)
  2 bombardier beetles
  An orc priest (D:6)
  2 hounds
  Jessica (D:2)
  4 iguanas
  3 orc wizards (D:6)
  4 adders
  4 gnolls (D:6)
  A shadow imp (D:6)
  2 ufetubi (D:5)
  2 dart slugs
  A ribbon worm (D:3)
  6 orcs
  3 ball pythons
  4 endoplasms
  7 goblins
  4 hobgoblins
  2 quokkas
  2 bats
  2 frilled lizards (D:3)
  4 kobolds
  A rat (D:1)
74 creatures vanquished.

Vanquished Creatures (others)
  A rat (D:2)
1 creature vanquished.

Grand Total: 75 creatures vanquished

Notes
Turn   | Place    | Note
-------+----------+-------------------------------------------
     0 | D:1      | Biggs the Troll Gladiator began the quest for the Orb.
     0 | D:1      | Reached XP level 1. HP: 19/19 MP: 0/0
    60 | D:1      | Reached XP level 2. HP: 27/27 MP: 1/1
   131 | D:2      | Noticed Jessica
   139 | D:2      | Killed Jessica
   140 | D:2      | Reached skill level 4 in Unarmed Combat
   140 | D:2      | Reached XP level 3. HP: 9/33 MP: 2/2
   177 | D:3      | Noticed a phantom
   191 | D:3      | Killed a phantom
   192 | D:3      | Reached skill level 5 in Unarmed Combat
   192 | D:3      | Reached XP level 4. HP: 29/41 MP: 3/3
   293 | D:3      | Reached XP level 5. HP: 44/48 MP: 4/4
   460 | D:4      | Reached skill level 6 in Unarmed Combat
   612 | D:4      | Reached XP level 6. HP: 41/55 MP: 5/5
   615 | D:4      | Reached skill level 7 in Unarmed Combat
   678 | D:4      | Found a staircase to the Ecumenical Temple.
   682 | D:4      | Reached skill level 8 in Unarmed Combat
   687 | Temple   | Found a transporter.
   687 | Temple   | Found a transporter.
   687 | Temple   | Found a transporter.
   687 | Temple   | Found a transporter.
   687 | Temple   | Entered the Ecumenical Temple
   707 | Temple   | Became a worshipper of the Wu Jian Council
   750 | D:5      | Entered Level 5 of the Dungeon
   750 | D:5      | Found a glowing golden altar of the Shining One.
   806 | D:5      | Reached XP level 7. HP: 62/62 MP: 6/6
   874 | D:5      | Found Sevi's Self-Improvement Boutique.
  1004 | D:6      | Reached skill level 9 in Unarmed Combat
  1097 | D:7      | Noticed Duvessa
  1097 | D:7      | Noticed Dowan
  1163 | D:6      | Found a bloodstained altar of Trog.
  1179 | D:6      | Reached * piety under Wu Jian
  1215 | D:6      | Reached XP level 8. HP: 51/70 MP: 7/7
  1222 | D:6      | Reached skill level 10 in Unarmed Combat
  1306 | D:6      | Slain by a killer bee

Illustrated notes

Levels and vault maps discovered:
D:1:      amcnicky_arrival_single_pillar, layout_rooms
D:2:      layout_loops_ring, serial_shops, nicolae_shop_just_a_little_nook,
          corner_web_ring, kennysheep_decorative_pillar, lemuel_flame_loot_1,
          uniq_jessica
D:3:      layout_rooms, overflow_temple_1_default
D:4:      layout_basic, minmay_temple_entry_hall, minmay_goblin_outpost
D:5:      layout_basic, amcnicky_altar_gilded, nicolae_shop_self_help
D:6:      layout_loops_ring, general_overflow_altar, corexii_checkpoint,
          uniq_eustachio
D:7:      layout_rooms, mainiacjoe_overflow_alcove_4, billiards_dpeg,
          uniq_duvessa, uniq_maurice
Temple:   hellmonk_temple_divided_pantheon

Skill      XL: |  1  2  3  4  5  6  7  8 |
---------------+-------------------------+-----
Unarmed Combat | 4 5 6 8 9 10 | 10.3
Fighting       | |  1.5
Throwing       | |  1.7
Dodging        | |  2.4

Action                     |  1- 3 |  4- 6 |  7- 9 || total
---------------------------+-------+-------+-------++-------
  Melee: Unarmed           |    33 |    85 |    74 ||   192
         Punch             |       |     1 |       ||     1
  Throw: Throwing net      |       |       |     1 ||     1
Ability: Lunge             |       |     1 |     8 ||     9
         Whirlwind         |       |       |     6 ||     6
    Use: Potion            |       |       |     1 ||     1
 Armour: Robe              |    28 |    50 |    70 ||   148
  Dodge: Dodged            |    13 |    52 |    43 ||   108

Table legend: (Time is in decaauts)
 A = Elapsed time spent in this place.
 B = Non-inter-level travel time spent in this place.
 C = Inter-level travel time spent in this place.
 D = Time resting spent in this place.
 E = Time spent auto-exploring this place.
 F = Levels seen in this place.
 G = Mean time per level.
                   A        B        C        D        E       F      G
               +--------+--------+--------+--------+--------+-----+--------+
         Total |   1285 |   1285 |      0 |      0 |      0 |   8 |  160.6 |
       Dungeon |   1249 |   1249 |      0 |      0 |      0 |   7 |  178.4 |
        Temple |     36 |     36 |      0 |      0 |      0 |   1 |   36.0 |
               +--------+--------+--------+--------+--------+-----+--------+

Top non-repeatable levels by time:
     D:6: 364 daAuts
     D:4: 351 daAuts
     D:3: 179 daAuts
     D:5: 173 daAuts
     D:2: 97 daAuts
     D:1: 73 daAuts
  Temple: 36 daAuts
     D:7: 9 daAuts
